 Dungeon Crawl Stone Soup version 0.28-a0-706-gf6f64a616a (webtiles) character file.

Game seed: 14952837597310373355

42 lawman0 the Vexing (level 3, 0/20 HPs)
             Began as a Deep Elf Arcane Marksman on Oct 25, 2021.
             Succumbed to an adder's poison
             ... on level 2 of the Dungeon.
             The game lasted 00:02:34 (1518 turns).

lawman0 the Vexing (Deep Elf Arcane Marksman)       Turns: 1518, Time: 00:02:34

Health: 0/20       AC:  3    Str:  8    XL:     3   Next: 33%
Magic:  2/7        EV: 12    Int: 17    God:
Gold:   27         SH:  0    Dex: 15    Spells: 0/5 levels left

rFire   . . .      SeeInvis .   a - +0 shortbow
rCold   . . .      Faith    .   (shield currently unavailable)
rNeg    . . .      Spirit   .   g - +0 leather armour
rPois   .          Reflect  .   (no helmet)
rElec   .          Harm     .   (no cloak)
rCorr   .          Rampage  .   (no gloves)
Will    .....                   (no boots)
Stlth   +.........              (no amulet)
HPRegen 0.06/turn               (no ring)
MPRegen 0.10/turn               (no ring)

@: lethally poisoned (0 -> -5)
A: no striking features
a: no special abilities


You were on level 2 of the Dungeon.
You visited 1 branch of the dungeon, and saw 2 of its levels.

You collected 49 gold pieces.
You spent 22 gold pieces at shops.

Inventory:

Hand Weapons
 a - a +0 shortbow (weapon)
Missiles
 c - 34 arrows (quivered ammo)
 k - 4 curare-tipped darts
Armour
 g - a +0 leather armour (worn)
Scrolls
 b - a scroll of silence {unknown}
 d - a scroll of fear
 f - a scroll of amnesia {unknown}
 j - a scroll of magic mapping {unknown}
Potions
 e - a potion of ambrosia {unknown}
 h - a potion of degeneration {unknown}
 i - a potion of curing {unknown}


   Skills:
 * Level 1.0 Fighting
 * Level 3.8 Bows
 + Level 2.5 Dodging
 + Level 1.6 Spellcasting
 * Level 4.9 Hexes


You couldn't memorise any spells.
You knew the following spells:

 Your Spells              Type           Power      Damage    Failure   Level
a - Slow                  Hex            18%        N/A       6%          2
b - Portal Projectile     Hex/Tloc       20%        N/A       30%         3

Your spell library contained the following spells:

 Spells                   Type           Power      Damage    Failure   Level
 Inner Flame              Hex/Fire       9%         N/A       32%         3
 Cause Fear               Hex            9%         N/A       36%         4


Dungeon Overview and Level Annotations

Branches:
Dungeon (2/15)

Altars:

Shops:
D:2 =[?


Message History

Aim: an adder (40% to hit)
You shoot an arrow. The arrow misses the adder.
You hear a splash.
The adder bites you.
* * * LOW HITPOINT WARNING * * *
Fire: 39 arrows
Press: ? - help, Q - select action, (/) - cycle Shift-Dir - straight line, f/p - adder
Aim: an adder (40% to hit)
You shoot an arrow. The arrow barely misses the adder.
You hear a splash.
The adder bites you but does no damage.
Fire: 38 arrows
Press: ? - help, Q - select action, (/) - cycle Shift-Dir - straight line, f/p - adder
Aim: an adder (40% to hit)
You shoot an arrow. The arrow hits the adder.
The adder is lightly wounded.
The adder bites you but does no damage. The adder closely misses you.
Fire: 37 arrows
Press: ? - help, Q - select action, (/) - cycle Shift-Dir - straight line, f/p - adder
Aim: an adder (lightly wounded, 40% to hit)
You shoot an arrow. The arrow hits the adder.
The adder is heavily wounded.
The adder closely misses you.
Unknown command.
Fire: 36 arrows
Press: ? - help, Q - select action, (/) - cycle Shift-Dir - straight line, f/p - adder
Aim: an adder (heavily wounded, 40% to hit)
You shoot an arrow.
The arrow hits the adder but does no damage.
The adder is heavily wounded.
The adder bites you but does no damage. The adder bites you.
* * * LOW HITPOINT WARNING * * *
You are lethally poisoned!
The adder poisons you!
Fire: 35 arrows
Press: ? - help, Q - select action, (/) - cycle Shift-Dir - straight line, f/p - adder
Aim: an adder (moderately wounded, 40% to hit)
You shoot an arrow. The arrow closely misses the adder.
You hear a splash.
You die...

##..# ≈≈≈.
###...# ≈≈#.
#...#.# ....
#.....# #..
#...### #...
##..# ###...###
#..# ......S.#
#..# #@# #..#
#.# #..# #.#
#..# #.## #..#
#..# #..## .
#..# #...# .$g
#.8###...###
#...#..#.^.....#
#.8<∩†8......#


You could see an adder.

Vanquished Creatures
  An adder (D:2)
  A dart slug (D:1)
  An orc (D:2)
  6 ball pythons
  A bat (D:2)
  4 endoplasms
  3 giant cockroaches
  4 goblins
  A frilled lizard (D:2)
  A kobold (D:2)
  6 rats
29 creatures vanquished.

Notes
Turn   | Place    | Note
-------+----------+-------------------------------------------
     0 | D:1      | lawman0 the Deep Elf Arcane Marksman began the quest for
                  | the Orb.
     0 | D:1      | Reached XP level 1. HP: 11/11 MP: 5/5
   163 | D:1      | Reached XP level 2. HP: 16/16 MP: 6/6
   192 | D:1      | Learned a level 2 spell: Slow
   575 | D:2      | Found a faded altar of an unknown god.
   718 | D:2      | Found Pesh's Armour Boutique.
   849 | D:2      | Found Fayxt's Magic Scroll Emporium.
   858 | D:2      | Bought a scroll of identify for 22 gold pieces
  1016 | D:2      | Reached XP level 3. HP: 12/20 MP: 7/7
  1029 | D:2      | Learned a level 3 spell: Portal Projectile
  1482 | D:2      | Found Ovocvak's Jewellery Emporium.
  1484 | D:2      | Reached skill level 1 in Fighting
  1518 | D:2      | Succumbed to an adder's poison

Illustrated notes

Levels and vault maps discovered:
D:1:      wander_arrival_estate, layout_rooms
D:2:      layout_loops_ring, basic_ecumenical_altar, serial_shops,
          nicolae_shop_statue_plus, nicolae_shop_trees, shop, shop,
          nicolae_shop_waterfront, serial_park_tiny_2, minmay_pentomino_u4

Skill      XL: |  1  2  3 |
---------------+----------+-----
Bows           | 3 |  3.8
Fighting       | 1 |  1.0
Dodging        | |  2.5
Spellcasting   | |  1.6
Hexes          | |  4.9

Action                   || total
-------------------------++-------
 Fire: Shortbow          ||   107
 Cast: Slow              ||     1
       Portal Projectile ||     1
  Use: Scroll            ||     2
Armor: Leather armour    ||    10
       Robe              ||     1
Dodge: Dodged            ||    36

Table legend: (Time is in decaauts)
 A = Elapsed time spent in this place.
 B = Non-inter-level travel time spent in this place.
 C = Inter-level travel time spent in this place.
 D = Time resting spent in this place.
 E = Time spent auto-exploring this place.
 F = Levels seen in this place.
 G = Mean time per level.
                   A        B        C        D        E       F      G
               +--------+--------+--------+--------+--------+-----+--------+
         Total |   1530 |   1451 |     79 |    356 |    842 |   2 |  765.0 |
       Dungeon |   1530 |   1451 |     79 |    356 |    842 |   2 |  765.0 |
               +--------+--------+--------+--------+--------+-----+--------+

Top non-repeatable levels by time:
     D:2: 980 daAuts
     D:1: 549 daAuts
